 Dungeon Crawl Stone Soup version 0.14-a0-3329-g86b2fc4 (webtiles) character file.

131 4tharraofdagon the Skirmisher (level 4, -1/41 HPs)
             Began as a Minotaur Fighter on Mar 16, 2014.
             Slain by Prince Ribbit (5 damage)
             ... on Level 4 of the Dungeon.
             The game lasted 00:02:36 (398 turns).

4tharraofdagon the Skirmisher (Minotaur Fighter)     Turns: 398, Time: 00:02:36

HP  -1/41        AC  7     Str 26      XL: 4   Next: 59%
MP   2/2         EV  7     Int  6      God:
Gold 22          SH 19     Dex  9      Spells:  0 memorised,  3 levels left

rFire  . . .     SeeInvis .     a - +0 war axe
rCold  . . .     Clarity  .     b - +0 scale mail
rNeg   . . .     Conserve .     c - +0 shield
rPois  .         rCorr    .     (helmet restricted)
rElec  .         rRot     .     (no cloak)
SustAb . .       Spirit   .     (no gloves)
rMut   .         Warding  .     (no boots)
Saprov . . .     Stasis   .     (no amulet)
MR     .....                    (no ring)
                                (no ring)

@: mighty, very slightly contaminated, hasted, very quick, not resistant to
hostile enchantments, extremely unstealthy
A: retaliatory headbutt, horns 2
a: no special abilities


You were on level 4 of the Dungeon.
You were not hungry.

You visited 1 branch of the dungeon, and saw 4 of its levels.

You collected 22 gold pieces.

Inventory:

Hand weapons
 a - a +0,+0 war axe (weapon)
Missiles
 j - a throwing net (quivered)
Armour
 b - a +0 scale mail (worn)
 c - a +0 shield (worn)
Magical devices
 m - a wand of draining (4)
Comestibles
 d - 2 bread rations
 n - a meat ration
 o - an apple
Scrolls
 f - a scroll of enchant weapon I {unknown}
 g - 2 scrolls of identify {unknown}
 k - a scroll of remove curse {unknown}
 l - a scroll of noise {unknown}
 p - a scroll of fear {unknown}
Potions
 e - a potion of might


   Skills:
 + Level 4.5 Fighting
 * Level 4.2 Axes
 + Level 4.2 Armour
 + Level 1.5 Dodging
 - Level 3.6 Shields


You had 3 spell levels left.
You didn't know any spells.

Dungeon Overview and Level Annotations

Branches:
Dungeon (4/15)
 Temple: D:4-7

Altars:
Xom

Annotations:
D:4 Prince Ribbit


Innate Abilities, Weirdness & Mutations

You reflexively headbutt those who attack you in melee.
You have a pair of horns on your head.


Message History

You slash Prince Ribbit! You headbutt Prince Ribbit!
Prince Ribbit is heavily wounded.
The kobold hits you but does no damage. Prince Ribbit barely misses you.
You completely miss Prince Ribbit.
Prince Ribbit is heavily wounded.
Prince Ribbit hits you.
* * * LOW HITPOINT WARNING * * *
The kobold barely misses you.
You slash Prince Ribbit!
Prince Ribbit is severely wounded.
You block Prince Ribbit's attack. The kobold barely misses you.
Prince Ribbit closely misses you.
You closely miss Prince Ribbit.
Prince Ribbit is severely wounded.
You block Prince Ribbit's attack. The kobold closely misses you.
Prince Ribbit momentarily phases out as your attack passes through him.
Your headbutt passes through Prince Ribbit as he momentarily phases out.
Prince Ribbit is severely wounded.
Prince Ribbit hits you.
You die...

.#.# #.##..# #.#
.#.####.##..# #.#
............# #.#
........##.####.###
.#.####......K....+
.#.# #.########.##
...####.########%#
................K#
.######........#@#
.# #........#F# .#
#........#.# .#
#........#.# ..
............ .#
##########.# .# #.#
.. #.# #.#


You could see Prince Ribbit and a kobold.

Vanquished Creatures
  A scorpion (D:4)
  Ijyb (D:4)
  An adder (D:3)
  An ooze (D:3)
  2 orcs
  A bat (D:4)
  3 giant cockroaches
  A hobgoblin (D:1)
  4 kobolds (D:3)
  A giant newt (D:3)
  A goblin (D:4)
  11 jackals
  A kobold skeleton (D:4)
  2 rats
31 creatures vanquished.

Notes
Turn   | Place    | Note
--------------------------------------------------------------
     0 | D:1      | 4tharraofdagon, the Minotaur Fighter, began the quest for the Orb.
     0 | D:1      | Reached XP level 1. HP: 19/19 MP: 1/1
   103 | D:1      | Reached XP level 2. HP: 27/27 MP: 1/1
   125 | D:3      | Found a shimmering altar of Xom.
   207 | D:3      | Reached XP level 3. HP: 19/33 MP: 2/2
   247 | D:3      | Reached skill level 4 in Fighting
   270 | D:4      | Noticed Ijyb
   276 | D:4      | Killed Ijyb
   276 | D:4      | Reached skill level 1 in Dodging
   341 | D:4      | Noticed Prince Ribbit
   366 | D:4      | Noticed a scorpion
   388 | D:4      | Killed a scorpion
   388 | D:4      | Reached XP level 4. HP: 4/41 MP: 2/2
   398 | D:4      | Slain by Prince Ribbit

Action                   |  1- 3 |  4- 6 || total
-------------------------+-------+-------++-------
Melee: War axe           |    55 |     5 ||    60
Evoke: Wand              |     1 |       ||     1
  Use: Potion            |     1 |     3 ||     4
